 Dungeon Crawl Stone Soup version 0.14-a0-3247-g5fd345f (webtiles) character file.

106158 HOllOWCh4rg3 the Black Belt (level 15, -14/110 HPs)
             Began as a Demonspawn Monk on Mar 10, 2014.
             Was a High Priest of Dithmenos.
             Killed from afar by a tengu conjurer (25 damage)
             ... with an orb of energy
             ... on Level 16 of the Dungeon on Mar 12, 2014.
             The game lasted 02:54:33 (36255 turns).

HOllOWCh4rg3 the Black Belt (Demonspawn Monk)      Turns: 36255, Time: 02:54:33

HP -14/110       AC 24     Str 12      XL: 15   Next: 89%
MP  26/26        EV 18     Int 15      God: Dithmenos [*****.]
Gold 2501        SH  0     Dex 19      Spells:  0 memorised, 14 levels left

rFire  . . .     SeeInvis .       - Unarmed
rCold  + . .     Clarity  +     V - +2 ring mail {rPois}
rNeg   . . .     Conserve .     (no shield)
rPois  +         rCorr    .     h - +2 helmet
rElec  .         rRot     .     c - +0 cloak
SustAb . .       Spirit   .     (no gloves)
rMut   .         Warding  .     w - +2 pair of boots
Saprov . . .     Stasis   .     U - amulet of clarity
MR     +....                    (no ring)
                                x - cursed ring of protection from cold

@: brilliant, wreathed by umbra, somewhat resistant to hostile enchantments,
very stealthy
A: claws 2, iridescent scales 3, blurry vision 1, dopey 1, frail 1, low mp 1,
nightstalker 1, slow healing 1, spiny 2, weak 1
a: Shadow Step, Shadow Form, Renounce Religion


You were on level 16 of the Dungeon.
You worshipped Dithmenos.
Dithmenos was extremely pleased with you.
You were hungry.

You visited 5 branches of the dungeon, and saw 30 of its levels.

You collected 2752 gold pieces.
You spent 251 gold pieces at shops.

Inventory:

Hand weapons
 G - a +1,+3 demon blade of freezing
Missiles
 N - a throwing net [torn] (quivered)
Armour
 c - a +0 cloak (worn)
 g - a +1 buckler of protection
 h - a +2 helmet (worn)
 w - a +2 pair of boots (worn)
 V - a +2 ring mail of poison resistance (worn)
Magical devices
 i - a wand of confusion (12)
 m - a wand of lightning (0)
 p - a wand of draining (8)
 L - a wand of cold (0)
 P - a wand of slowing (6)
Comestibles
 r - a choko
 X - 3 meat rations
Scrolls
 b - 2 scrolls of teleportation
 d - a scroll of blinking
 e - 2 scrolls of remove curse
 q - a scroll of magic mapping
 s - 2 scrolls of enchant weapon II
 Q - 2 scrolls of identify
 W - 2 scrolls of fog
Jewellery
 f - an uncursed amulet of warding
 k - an uncursed ring of flight
 x - a cursed ring of protection from cold (left claw)
 H - an uncursed ring of invisibility
 U - an amulet of clarity (around neck)
Potions
 a - a potion of restore abilities
 j - 2 potions of agility
 l - 2 potions of resistance
 u - 2 potions of magic
 v - 3 potions of haste
 F - 2 potions of curing
 R - a potion of flight
Books
 o - a book of War Chants

   Spells                             Type                      Level
   Fire Brand                         Charms/Fire                  2
   Freezing Aura                      Charms/Ice                   2
   Shroud of Golubria                 Charms/Translocation         2
   Repel Missiles                     Charms/Air                   2
   Poison Weapon                      Charms/Poison                3
   Regeneration                       Charms/Necromancy            3


   Skills:
 - Level 13.1 Fighting
 + Level 7.6 Armour
 - Level 12.1 Dodging
 - Level 2.0 Stealth
 + Level 17.3 Unarmed Combat
 + Level 10.4 Invocations


You had 14 spell levels left.
You didn't know any spells.

Dungeon Overview and Level Annotations

Branches:
Dungeon (16/16)            Temple (1/1) D:5             Orc (4/4) D:12
    Elf (0/3) Orc:3          Lair (8/8) D:11          Swamp (0/5) Lair:3
  Snake (1/5) Lair:3        Slime (0/6) Lair:6
 Vaults: D:13-14     Depths: D:15

Altars:
Cheibriados
Dithmenos
Elyvilon
Fedhas
Makhleb
Okawaru
Sif Muna
Trog
Yredelemnul
Zin
The Shining One
Jiyva

Shops:
D:5 ([*[   D:11 [   D:12 ([   Orc:4 %:::

Portals:
Trove: D:12 (give +4 storm dragon armour)

Annotations:
D:1 exclusion: door
D:4 Eustachio, Prince Ribbit
D:8 Erolcha
D:16 exclusion: ice statue
Snake:1 magipi's ghost, mighty MfFi


Innate Abilities, Weirdness & Mutations

You have very sharp fingernails.
You are completely covered in iridescent scales (AC +8).
You are slightly more attuned to the shadows.
You are mostly covered in sharp spines.
Your vision is a little blurry.
You are dopey. (Int -2)
You are frail (-10% HP).
Your magical capacity is low (-10% MP).
You heal slowly when monsters are visible.
You are weak. (Str -2)


Message History

The raven misses you. The raven claws you but does no damage.
The raven misses you. The raven barely misses you.
You claw the raven!
You kill the raven!
Dithmenos accepts your kill.
The tengu conjurer casts a spell at you.
The orb of energy hits you!
* * * LOW HITPOINT WARNING * * *
The tengu conjurer misses you.
The tengu conjurer pecks you but does no damage.
The tengu conjurer barely misses you.
You see here a raven corpse.
Unknown command.
You closely miss the tengu conjurer. Your shadow hits the tengu conjurer.
You mangle the tengu conjurer!!
The tengu conjurer begins to bleed from its wounds!
The tengu conjurer is severely wounded.
The tengu conjurer gestures at you while chanting.
The orb of energy hits you!
You die...

#......... #(.......b
#.......... #(.........
#..*........ #.z...*..... .
#IHb......... #..# #'##
##H##'###### .... ...#
#@##.######## #..# #..#
#.##........# #..#
.........#######...# .##..#
#.######## #...#
.##..####.### #...#
.##.........## #...#
.##..#....#..## #...#
....##....##..## #...#
.#..#...%..#...#########...#


You could see a tengu warrior, a raven, a tengu conjurer (bleeding), an ice
beast and a human zombie.

Vanquished Creatures
  Donald (Orc:3)
  2 orc warlords (Orc:3)
  Gastronok (Lair:3)
  Maud (Lair:4)
  Snorg (Lair:6)
  Fannar (Lair:2)
  Harold (Lair:6)
  7 hydras
  The ghost of Econoterrorist the Jinx, a powerful SpEn of Kikubaaqudgha (Lair:4)
  A rakshasa (D:14)
  3 tengu warriors
  Urug (Orc:4)
  4 centaur warriors
  3 death yaks
  A sun demon (Orc:4)
  4 orc high priests (Orc:4)
  3 catoblepae
  5 skeletal warriors (D:15)
  An unseen horror (D:13)
  5 hill giants
  5 orc sorcerers
  10 spiny frogs
  8 cyclopes
  A manticore (D:12)
  4 orc knights
  2 black mambas (Lair:6)
  9 elephants
  3 feature mimics
  2 spriggan druids (Lair:8)
  5 komodo dragons
  A yaktaur (D:15)
  6 spriggans (Lair:8)
  A jumping spider (shapeshifter) (D:14)
  A hydra zombie (D:16)
  A tengu conjurer (D:15)
  28 blink frogs
  2 two-headed ogres
  11 giant fireflies (Lair:8)
  A queen bee (Lair:5)
  A griffon zombie (D:14)
  A harpy skeleton (D:14)
  A trapdoor spider (D:13)
  6 trolls
  25 slime creatures
  A shadow (D:14)
  5 basilisks
  5 water elementals (D:15)
  13 grizzly bears
  5 redbacks (D:15)
  3 ravens
  6 sharks
  3 wyverns
  A tarantella (D:15)
  An elephant slug (Lair:7)
  A steam dragon (D:12)
  34 yaks
  2 gargoyles (D:15)
  A hill giant zombie (D:12)
  10 ugly things (D:13)
  2 hungry ghosts
  12 hippogriffs
  Grum (Orc:1)
  A chaos spawn (Orc:4)
  A human (shapeshifter) (D:14)
  A hill giant skeleton (D:14)
  3 nagas (Lair:3)
  2 humans
  6 wargs
  3 mottled dragons
  25 wolves
  A tengu zombie (D:15)
  31 orc warriors
  4 porcupines
  2 dwarves (Orc:3)
  2 tengu skeletons
  14 water moccasins
  9 ice beasts
  A yellow wasp (D:10)
  18 black bears
  A phantom (D:5)
  4 ogres
  8 centaurs
  11 crocodiles
  4 giant goldfish
  A manticore skeleton (D:10)
  4 sky beasts
  Duvessa (D:4)
  A brain worm (D:14)
  3 boring beetles
  23 giant frogs
  A big kobold (D:9)
  12 giant slugs
  A gnoll sergeant (D:13)
  9 jellies
  A cyclops zombie (D:14)
  3 scorpions
  2 eyes of draining
  A water moccasin skeleton (D:8)
  34 killer bees
  5 wights
  Dowan (D:4)
  9 crimson imps
  A big fish (D:15)
  5 goliath beetles
  A centaur zombie (D:8)
  5 electric eels
  11 hounds
  2 giant frog skeletons
  2 quasits
  23 worker ants
  28 orc wizards
  13 iguanas
  29 orc priests
  9 sheep
  6 boggarts
  Terence (D:2)
  A mummy (D:14)
  32 adders
  5 gnolls (D:13)
  A steam dragon zombie (D:12)
  A giant mite (Lair:2)
  An inept feature mimic (D:5)
  61 green rats
  5 orc skeletons
  An inept item mimic (Orc:2)
  4 worms
  3 orc zombies
  3 giant eyeballs
  3 giant geckos
  18 oozes
  211 orcs
  27 hobgoblins
  33 jackals
  8 quokkas
  A ball python (D:4)
  24 bats
  6 giant cockroaches
  3 giant newts
  A giant spore (D:11)
  19 goblins
  20 kobolds
  A kobold skeleton (D:7)
  28 rats
  9 ballistomycetes
  A fungus (Lair:5)
1219 creatures vanquished.

Vanquished Creatures (collateral kills)
  2 blink frogs (Lair:1)
  A slime creature (D:11)
  An adder (Lair:1)
  An orc (D:11)
5 creatures vanquished.

Vanquished Creatures (others)
  An orc sorcerer (Orc:4)
  An orc (Orc:1)
  3 giant spores
  A ballistomycete (D:16)
  4 fungi
  A plant (Lair:8)
11 creatures vanquished.

Grand Total: 1235 creatures vanquished

Notes
Turn   | Place    | Note
--------------------------------------------------------------
     0 | D:1      | HOllOWCh4rg3, the Demonspawn Monk, began the quest for the Orb.
     0 | D:1      | Reached XP level 1. HP: 18/18 MP: 1/1
   129 | D:1      | Gained mutation: You have sharp fingernails. [demonic ancestry]
   129 | D:1      | Reached XP level 2. HP: 12/24 MP: 2/2
   649 | D:1      | Reached skill level 4 in Unarmed Combat
  1059 | D:1      | Gained mutation: You have very sharp fingernails. [demonic ancestry]
  1059 | D:1      | Reached XP level 3. HP: 12/29 MP: 3/3
  1660 | D:2      | Noticed Terence
  1674 | D:2      | Killed Terence
  1744 | D:2      | Found a bloodstained altar of Trog.
  1775 | D:2      | Reached XP level 4. HP: 9/35 MP: 4/4
  3381 | D:3      | Reached XP level 5. HP: 42/42 MP: 5/5
  3508 | D:3      | Found a glowing silver altar of Zin.
  3509 | D:3      | Found a snail-covered altar of Cheibriados.
  4028 | D:4      | Noticed Duvessa
  4028 | D:4      | Noticed Dowan
  4492 | D:4      | Noticed Eustachio
  4595 | D:4      | Reached skill level 5 in Unarmed Combat
  4996 | D:4      | Gained mutation: You are partially covered in sharp spines. [demonic ancestry]
  4996 | D:4      | Reached XP level 6. HP: 30/48 MP: 6/6
  5044 | D:4      | Noticed Prince Ribbit
  5166 | D:4      | Killed Duvessa
  5241 | D:4      | Killed Dowan
  5750 | D:4      | Paralysed by a giant eyeball for 2 turns
  5761 | D:4      | Paralysed by a giant eyeball for 2 turns
  5878 | D:5      | Entered Level 5 of the Dungeon
  5942 | D:5      | Reached XP level 7. HP: 16/55 MP: 7/7
  6188 | D:5      | Found a staircase to the Ecumenical Temple.
  6210 | Temple   | Entered the Ecumenical Temple
  6216 | Temple   | Became a worshipper of Dithmenos
  6216 | Temple   | Acquired Dithmenos' first power
  6303 | D:5      | Reached skill level 5 in Fighting
  6303 | D:5      | Reached skill level 6 in Unarmed Combat
  6476 | D:5      | Found Brezihem's Armour Shop.
  6479 | D:5      | Bought a cursed +0 pair of gloves for 19 gold pieces
  6534 | D:5      | Found Eboqior's Antique Weapon Shoppe.
  6550 | D:5      | Found The Lis' General Store.
  6710 | D:5      | You fall through a shaft for 3 floors!
  6717 | D:8      | Paralysed by a giant eyeball for 4 turns
  7362 | D:8      | Noticed Erolcha
  7403 | D:8      | Reached skill level 5 in Dodging
  7439 | D:8      | Gained mutation: You are partially covered in iridescent scales (AC +4). [demonic ancestry]
  7439 | D:8      | Reached XP level 8. HP: 7/63 MP: 8/8
  7732 | D:8      | Reached skill level 7 in Unarmed Combat
  7930 | D:8      | Noticed a wyvern
  7939 | D:8      | Killed a wyvern
  8286 | D:7      | Reached skill level 8 in Unarmed Combat
  8371 | D:7      | Found a glowing golden altar of the Shining One.
  8756 | D:6      | Found a basalt altar of Yredelemnul.
  8806 | D:6      | Gained mutation: You are mostly covered in iridescent scales (AC +6). [demonic ancestry]
  8806 | D:6      | Reached XP level 9. HP: 71/71 MP: 9/9
  9266 | D:6      | Acquired Dithmenos' second power
  9366 | D:5      | Found Ipuanupp's Armour Shoppe.
  9932 | D:8      | Noticed a human
  9943 | D:8      | Killed a human
 10032 | D:9      | Reached skill level 9 in Unarmed Combat
 10064 | D:9      | Found a glowing golden altar of the Shining One.
 10079 | D:9      | Found a white marble altar of Elyvilon.
 10328 | D:9      | Noticed a troll
 10413 | D:9      | Killed a troll
 10691 | D:10     | Entered Level 10 of the Dungeon
 10863 | D:10     | Reached skill level 10 in Unarmed Combat
 10908 | D:10     | Reached XP level 10. HP: 73/80 MP: 10/10
 10963 | D:10     | Noticed a hill giant
 11020 | D:10     | Upgraded the game from 0.14-a0-3167-gc8df72d to 0.14-a0-3194-g0089908
 11426 | D:11     | Acquired Dithmenos' third power
 11987 | D:11     | Found a staircase to the Lair.
 12044 | D:11     | Reached skill level 11 in Unarmed Combat
 12087 | D:11     | Noticed an eight-headed hydra
 12095 | D:11     | Killed an eight-headed hydra
 12139 | D:11     | Found Qyetaclo's Armour Emporium.
 12168 | D:11     | Bought a +2 pair of boots for 232 gold pieces
 12249 | D:11     | Found a snail-covered altar of Cheibriados.
 12277 | D:11     | Reached XP level 11. HP: 87/89 MP: 11/11
 12701 | D:10     | Killed a hill giant
 12736 | D:10     | HP: 4/89 [slime creature (11)]
 13036 | Lair:1   | Entered Level 1 of the Lair of Beasts
 13440 | Lair:1   | Reached skill level 12 in Unarmed Combat
 14264 | Lair:2   | Reached skill level 10 in Fighting
 14536 | Lair:2   | Acquired Dithmenos' fourth power
 14897 | Lair:2   | Noticed Fannar
 14917 | Lair:2   | Killed Fannar
 14917 | Lair:2   | Gained mutation: You are mostly covered in sharp spines. [demonic ancestry]
 14917 | Lair:2   | Reached XP level 12. HP: 61/98 MP: 12/12
 15459 | Lair:3   | Noticed Gastronok
 15580 | Lair:3   | Killed Gastronok
 15580 | Lair:3   | Reached skill level 13 in Unarmed Combat
 16076 | Lair:3   | Found a staircase to the Snake Pit.
 16183 | Lair:3   | Reached skill level 10 in Dodging
 16188 | Lair:3   | Found a staircase to the Swamp.
 16733 | Lair:4   | Noticed Maud
 16976 | Lair:4   | Killed Maud
 16976 | Lair:4   | Reached skill level 14 in Unarmed Combat
 17065 | Lair:4   | Noticed Econoterrorist's ghost (powerful SpEn)
 17178 | Lair:5   | Paralysed by a potion of paralysis for 7 turns
 17567 | Lair:5   | Gained mutation: You are completely covered in iridescent scales (AC +8). [demonic ancestry]
 17567 | Lair:5   | Reached XP level 13. HP: 83/106 MP: 13/13
 18310 | Lair:6   | Found a viscous altar of Jiyva.
 18310 | Lair:6   | Found a staircase to the Slime Pits.
 18544 | Lair:6   | Noticed Snorg
 18743 | Lair:6   | Noticed Harold
 18776 | Lair:6   | Killed Harold
 18864 | Lair:6   | Killed Snorg
 19310 | Lair:7   | Reached skill level 15 in Unarmed Combat
 20208 | Lair:8   | Entered Level 8 of the Lair of Beasts
 21050 | Lair:8   | Gained mutation: You are slightly more attuned to the shadows. [demonic ancestry]
 21050 | Lair:8   | Reached XP level 14. HP: 70/116 MP: 10/14
 21398 | Lair:8   | Was placed under penance by Dithmenos
 21617 | Lair:8   | Was forgiven by Dithmenos
 22324 | Lair:8   | Reached skill level 16 in Unarmed Combat
 22531 | Lair:4   | Killed Econoterrorist's ghost
 23005 | D:12     | Found a staircase to the Orcish Mines.
 23006 | D:12     | Found Thratt's Armour Emporium.
 23104 | D:12     | Found Ohairimi's Weapon Boutique.
 23119 | D:12     | Got a jewelled falchion
 23120 | D:12     | Identified the +6,+5 falchion "Threhoh" {elec, +Blink rF+} (You found it on level 12 of the Dungeon)
 23541 | D:12     | Found a portal to a secret trove of treasure.
 23809 | Orc:1    | Entered Level 1 of the Orcish Mines
 24202 | Orc:1    | Noticed Grum
 24213 | Orc:1    | Killed Grum
 24320 | Orc:2    | Noticed an orc warlord
 24327 | Orc:1    | Reached skill level 1 in Invocations
 24487 | Orc:3    | Found a staircase to the Elven Halls.
 24675 | Orc:3    | Noticed an orc warlord
 24712 | Orc:3    | Killed an orc warlord
 24712 | Orc:3    | Reached skill level 1 in Armour
 25351 | Orc:4    | Entered Level 4 of the Orcish Mines
 25688 | Orc:4    | Found Klutz's Food Shoppe.
 26146 | Orc:4    | Found Tyrou's Book Shop.
 26284 | Orc:4    | Paralysed by an orc sorcerer for 2 turns
 26304 | Orc:4    | Reached skill level 5 in Invocations
 26354 | Orc:4    | Noticed Urug
 26902 | Orc:4    | Found Inaurgh Ginish's Book Shoppe.
 26904 | Orc:4    | Found Stresh's Book Shop.
 26951 | Orc:4    | Killed Urug
 27255 | Orc:3    | Noticed Donald
 27258 | Orc:3    | Found an iron altar of Okawaru.
 27291 | Orc:3    | Killed Donald
 28016 | Orc:3    | Killed an orc warlord
 28696 | Orc:2    | Reached XP level 15. HP: 60/123 MP: 25/25
 29164 | Snake:1  | Entered Level 1 of the Snake Pit
 29185 | Snake:1  | Noticed magipi's ghost (mighty MfFi)
 30319 | D:13     | Gained mutation: You are weak. (Str -2) [mutagenic meat]
 30320 | D:13     | Gained mutation: You are dopey. (Int -2) [mutagenic meat]
 30321 | D:13     | Gained mutation: Your vision is a little blurry. [mutagenic meat]
 30322 | D:13     | Gained mutation: You are frail (-10% HP). [potion of mutation]
 30322 | D:13     | Gained mutation: Your magical capacity is low (-10% MP). [potion of mutation]
 31310 | D:13     | Reached skill level 5 in Armour
 31318 | D:13     | Gained mutation: You heal slowly when monsters are visible. [mutagenic meat]
 32726 | D:14     | Found Wautuamu's Assorted Antiques.
 32734 | D:14     | Wautuamu's Assorted Antiques was a mimic.
 32770 | D:14     | Paralysed by a giant eyeball for 2 turns
 33177 | D:15     | Entered Level 15 of the Dungeon
 33298 | D:15     | Reached skill level 17 in Unarmed Combat
 34508 | D:15     | Upgraded the game from 0.14-a0-3194-g0089908 to 0.14-a0-3247-g5fd345f
 35156 | D:15     | Reached skill level 10 in Invocations
 35664 | D:16     | Entered Level 16 of the Dungeon
 36255 | D:16     | Killed from afar by a tengu conjurer

Action                   |  1- 3 |  4- 6 |  7- 9 | 10-12 | 13-15 || total
-------------------------+-------+-------+-------+-------+-------++-------
Melee: Unarmed           |   143 |   259 |   406 |   944 |  2306 ||  4058
Throw: Throwing net      |       |     3 |     1 |     1 |     1 ||     6
Invok: Shadow Step       |       |       |     2 |     2 |    10 ||    14
       Shadow Form       |       |       |       |       |     5 ||     5
 Abil: End Transformatio |       |       |       |       |     4 ||     4
Evoke: Wand              |       |     4 |    20 |    34 |     9 ||    67
  Use: Potion            |     1 |     3 |     1 |     4 |     6 ||    15
       Scroll            |     1 |     1 |    15 |    10 |    14 ||    41
 Stab: Sleeping          |     1 |     3 |    13 |     9 |    40 ||    66
       Distracted        |     1 |       |       |     4 |     9 ||    14
       Invisible         |     2 |       |       |       |    23 ||    25
       Held in net/web   |       |     1 |       |       |       ||     1
       Betrayed ally     |       |       |       |     1 |       ||     1
       Fleeing           |       |       |       |       |     1 ||     1
